Workbook

Sheet Overall Budget
A1: Southminster Parish Council Budget 1st April 2011 to 31 March 2012 Status at 31st March 2012
A3: Budget Item | B3: Budget Sub-item | C3: Balance 31/03/2011 | D3: Precept | E3: Sub-Item Budget | F3: Item Budget | G3: Payments | H3: Receipts | I3: Sub-item Balance | J3: Item Balance
A5: Administration | F5: =SUM(E6:E19) -> 11229.9 | G5: =SUM(G6:G19) -> 9867.66 | H5: =SUM(H6:H19) -> 206.94 | J5: =SUM(F5-G5+H5) -> 1569.18
B6: Audit | C6: 371.6 | D6: 528.4 | E6: =SUM(C6+D6) -> 900 | G6: 719 | H6: 0 | I6: =SUM(E6-G6+H6) -> 181
B7: Chairman's Honorarium | C7: 0 | D7: 500 | E7: =SUM(C7+D7) -> 500 | G7: 500 | H7: 0 | I7: =SUM(E7-G7+H7) -> 0
B8: Charity | C8: 100 | D8: 2.5 | E8: =SUM(C8+D8) -> 102.5 | G8: 100 | H8: 107.5 | I8: =SUM(E8-G8+H8) -> 110
B9: Election Costs | C9: 2000 | D9: 0 | E9: =SUM(C9+D9) -> 2000 | G9: 63.24 | H9: 0 | I9: =SUM(E9-G9+H9) -> 1936.76
B10: General Expenses | C10: 210.6 | D10: 328.4 | E10: =SUM(C10+D10) -> 539 | G10: 515.97 | H10: 3 | I10: =SUM(E10-G10+H10) -> 26.03
B11: Green Sacks | C11: 12.25 | D11: 0 | E11: =SUM(C11+D11) -> 12.25 | G11: 0 | H11: 10 | I11: =SUM(E11-G11+H11) -> 22.25
B12: Insurance - General | C12: -31.96 | D12: 5031.96 | E12: =SUM(C12+D12) -> 5000 | G12: 4243.29 | H12: 0 | I12: =SUM(E12-G12+H12) -> 756.71
B13: Insurance - One Place | C13: 0 | D13: 0 | E13: =SUM(C13+D13) -> 0 | G13: 1479.86 | H13: 0 | I13: =SUM(E13-G13+H13) -> -1479.86
B14: IT Services | C14: 87.63 | D14: 112.37 | E14: =SUM(C14+D14) -> 200 | G14: 648.91 | H14: 0 | I14: =SUM(E14-G14+H14) -> -448.91
B15: Postage | C15: 36.12 | D15: 33.88 | E15: =SUM(C15+D15) -> 70 | G15: 50.6 | H15: 0 | I15: =SUM(E15-G15+H15) -> 19.4
B16: Stationary | C16: 151.17 | D16: 394.98 | E16: =SUM(C16+D16) -> 546.15 | G16: 344.11 | H16: 86.44 | I16: =SUM(E16-G16+H16) -> 288.48
B17: Subscriptions | C17: 61.73 | D17: 638.27 | E17: =SUM(C17+D17) -> 700 | G17: 658.01 | H17: 0 | I17: =SUM(E17-G17+H17) -> 41.99
... B19: Training | C19: 136.05 | D19: 163.95 | E19: =SUM(C19+D19) -> 300 | G19: 225.74 | H19: 0 | I19: =SUM(E19-G19+H19) -> 74.26
A21: Wages PAYE & Expenses | F21: =SUM(E22:E22) -> 13000 | G21: =SUM(G22:G22) -> 11640.79 | H21: =SUM(H22:H22) -> 0 | J21: =SUM(F21-G21+H21) -> 1359.21
B22: Clerk (Salary + Employer's N I) | C22: 293.43 | D22: 12706.57 | E22: =SUM(C22+D22) -> 13000 | G22: 11640.79 | H22: 0 | I22: =SUM(E22-G22+H22) -> 1359.21
A24: S137 Payments | C24: 265 | D24: 85 | F24: =SUM(C24+D24) -> 350 | G24: 105 | H24: 0 | J24: =SUM(F24-G24+H24) -> 245
A26: Capital Spending (Asset purchase) | C26: 0 | D26: 0 | F26: =SUM(C26+D26) -> 0 | G26: 0 | H26: 0 | J26: =SUM(F26-G26+H26) -> 0
A28: Sale of Assets | C28: 0 | D28: 0 | F28: =SUM(C28+D28) -> 0 | G28: 150 | H28: 150 | J28: =SUM(F28-G28+H28) -> 0
A30: Loans etc for Capital expend | C30: 0 | D30: 0 | F30: =SUM(C30+D30) -> 0 | G30: 0 | H30: 0 | J30: =SUM(F30-G30+H30) -> 0
A32: Loan, Interest & Repayments | C32: 0 | D32: 0 | F32: =SUM(C32+D32) -> 0 | G32: 0.1 | H32: 0 | J32: =SUM(F32-G32+H32) -> -0.1
A34: Interest on Invts and A/Cs | C34: 0 | D34: 0 | F34: =SUM(C34+D34) -> 0 | G34: =SUM(G35:G36) -> 52.07 | H34: =SUM(H35:H36) -> 52.07 | J34: =SUM(F34-G34+H34) -> 0
B35: Business Reserve | G35: 36.74 | H35: 36.74
B36: Business Premium | G36: 15.33 | H36: 15.33
A38: Tenancies (Council as landlord) | C38: 0 | D38: 0 | F38: =SUM(C38+D38) -> 0 | G38: 916.66 | H38: 916.66 | J38: =SUM(F38-G38+H38) -> 0
A40: Capital Grants | C40: 0 | D40: 0 | F40: =SUM(C40+D40) -> 0 | G40: 0 | H40: 0 | J40: =SUM(F40-G40+H40) -> 0
A42: Agency Services | C42: 0 | D42: 0 | F42: =SUM(C42+D42) -> 0 | G42: 0 | H42: 0 | J42: =SUM(F42-G42+H42) -> 0
A44: Other Payments (Not listed here) | C44: 0 | D44: 0 | F44: 0 | G44: 36 | H44: 36 | J44: =SUM(F44-G44+H44) -> 0
A46: Provision for doubtful debts | F46: =SUM(E47) -> -853.99 | G46: =SUM(G47:G47) -> 0 | H46: =SUM(H47:H47) -> 940 | J46: =SUM(F46-G46+H46) -> 86.01
B47: Recovered Monies (Clerk) | C47: -853.99 | D47: 0 | E47: =SUM(C47+D47) -> -853.99 | G47: 0 | H47: 940 | I47: =SUM(E47-G47+H47) -> 86.01
A49: Advertising & Publicity | F49: =SUM(E50:E51) -> 1100 | G49: =SUM(G50:G51) -> 1015 | H49: =SUM(H50:H51) -> 0 | J49: =SUM(F49-G49+H49) -> 85
B50: SPN | C50: -105 | D50: 1105 | E50: =SUM(C50:D50) -> 1000 | G50: 1015 | H50: 0 | I50: =SUM(E50-G50+H50) -> -15
B51: Other | C51: 100 | D51: 0 | E51: =SUM(C51:D51) -> 100 | G51: 0 | H51: 0 | I51: =SUM(E51-G51+H51) -> 100
A53: Allotments | F53: =SUM(E54:E56) -> -579 | G53: =SUM(G54:G56) -> 1457.22 | H53: =SUM(H54:H56) -> 856.21 | J53: =SUM(F53-G53+H53) -> -1180.01
B54: Lettings | C54: 999.4 | D54: -1489.4 | E54: =SUM(C54:D54) -> -490 | G54: 0 | H54: 856.21 | I54: =SUM(E54-G54+H54) -> 366.21
B55: Maintenance (incl grass cutting) | C55: -1563.57 | D55: 1874.57 | E55: =SUM(C55:D55) -> 311 | G55: 1039.32 | H55: 0 | I55: =SUM(E55-G55+H55) -> -728.32
B56: Water | C56: -373.12 | D56: -26.88 | E56: =SUM(C56:D56) -> -400 | G56: 417.9 | H56: 0 | I56: =SUM(E56-G56+H56) -> -817.9
A58: Parish Room/Old Parish Room/Car Park/Toilet/One Place | F58: =SUM(E59:E76) -> 6451 | G58: =SUM(G59:G76) -> 5555.43 | H58: =SUM(H59:H76) -> 1684.3 | J58: =SUM(F58-G58+H58) -> 2579.87
B59: Car Park - Cleaning | C59: 0 | D59: 100 | E59: =SUM(C59:D59) -> 100 | G59: 0 | H59: 0 | I59: =SUM(E59-G59+H59) -> 100
B60: Car Park - Electricity | C60: 0 | D60: 150 | E60: =SUM(C60:D60) -> 150 | G60: 564.44 | H60: 0 | I60: =SUM(E60-G60+H60) -> -414.44
B61: Car Park - Maintenance (incl transfer fees) | C61: 500 | D61: 401 | E61: =SUM(C61:D61) -> 901 | G61: 231.91 | H61: 40 | I61: =SUM(E61-G61+H61) -> 709.09
B62: Car Park - Rates | C62: 0 | D62: 1500 | E62: =SUM(C62:D62) -> 1500 | G62: 1176.55 | H62: 0 | I62: =SUM(E62-G62+H62) -> 323.45
B63: Car Park - One Place rates | C63: 0 | D63: 500 | E63: =SUM(C63:D63) -> 500 | G63: 81.48 | H63: 0 | I63: =SUM(E63-G63+H63) -> 418.52
B64: Car Park - Toilet rates | C64: 0 | D64: 200 | E64: =SUM(C64:D64) -> 200 | G64: 155.88 | H64: 0 | I64: =SUM(E64-G64+H64) -> 44.12
B65: Car Park - One Place Rent | C65: 0 | D65: 0 | E65: =SUM(C65:D65) -> 0 | G65: 0 | H65: 0 | I65: =SUM(E65-G65+H65) -> 0
B66: Car Park - Sewerage | C66: 0 | D66: 200 | E66: =SUM(C66:D66) -> 200 | G66: 71.43 | H66: 0 | I66: =SUM(E66-G66+H66) -> 128.57
B67: Car Park - Water | C67: 0 | D67: 150 | E67: =SUM(C67:D67) -> 150 | G67: 130.26 | H67: 0 | I67: =SUM(E67-G67+H67) -> 19.74
B69: Parish Rooms - Cleaning | C69: 50.19 | D69: 499.81 | E69: =SUM(C69:D69) -> 550 | G69: 393.12 | H69: 0 | I69: =SUM(E69-G69+H69) -> 156.88
B70: Parish Rooms - Electricity | C70: 166.31 | D70: 733.69 | E70: =SUM(C70:D70) -> 900 | G70: 656.85 | H70: 148.3 | I70: =SUM(E70-G70+H70) -> 391.45
B71: Parish Rooms - Gas | C71: 29.53 | D71: 870.47 | E71: =SUM(C71:D71) -> 900 | G71: 801.76 | H71: 0 | I71: =SUM(E71-G71+H71) -> 98.24
... B76: Parish Rooms - Water | C76: -30.7 | D76: 230.7 | E76: =SUM(C76:D76) -> 200 | G76: 204.04 | H76: 0 | I76: =SUM(E76-G76+H76) -> -4.04
A78: Events | F78: =SUM(E79:E80) -> 3179.89 | G78: =SUM(G79:G81) -> 6120.22 | H78: =SUM(H79:H81) -> 2881 | J78: =SUM(F78-G78+H78) -> -59.33
B79: Halloween | C79: 679.89 | D79: 1800 | E79: =SUM(C79:D79) -> 2479.89 | G79: 5275.22 | H79: 2881 | I79: =SUM(E79-G79+H79) -> 85.67
B80: Flower Show Tent | C80: 55 | D80: 645 | E80: =SUM(C80:D80) -> 700 | G80: 645 | H80: 0 | I80: =SUM(E80-G80+H80) -> 55
B81: Jubilee | C81: 0 | D81: 0 | E81: =SUM(C81:D81) -> 0 | G81: 200 | H81: 0 | I81: =SUM(E81-G81+H81) -> -200
A83: King George V Memorial Field | F83: =SUM(E84:E105) -> 9993.5 | G83: =SUM(G84:G105) -> 13534.14 | H83: =SUM(H84:H105) -> 6398 | J83: =SUM(F83-G83+H83) -> 2857.36
B84: Community Hall - Cleaning | C84: 0 | D84: 500 | E84: =SUM(C84+D84) -> 500 | G84: 130.36 | H84: 0 | I84: =SUM(E84-G84+H84) -> 369.64
B85: Community Hall - Electricity | C85: 0 | D85: 800 | E85: =SUM(C85+D85) -> 800 | G85: 0 | H85: 0 | I85: =SUM(E85-G85+H85) -> 800
B86: Community Hall - Rates | C86: 0 | D86: 0 | E86: 0 | G86: 624.47 | H86: 0 | I86: =SUM(E86-G86+H86) -> -624.47
B87: Community Hall - Lettings | C87: 0 | D87: 0 | E87: =SUM(C87+D87) -> 0 | G87: 0 | H87: 317 | I87: =SUM(E87-G87+H87) -> 317
B88: Community Hall - Maintenance | C88: 0 | D88: 300 | E88: =SUM(C88+D88) -> 300 | G88: 660.15 | H88: 0 | I88: =SUM(E88-G88+H88) -> -360.15
B89: Community Hall - Sewerage | C89: 0 | D89: 0 | E89: =SUM(C89+D89) -> 0 | G89: 0 | H89: 0 | I89: =SUM(E89-G89+H89) -> 0
B90: Community Hall - Water | C90: 0 | D90: 0 | E90: =SUM(C90+D90) -> 0 | G90: 0 | H90: 0 | I90: =SUM(E90-G90+H90) -> 0
B92: General - BMX | C92: 105.8 | D92: 394.2 | E92: =SUM(C92:D92) -> 500 | G92: 1316.2 | H92: 0 | I92: =SUM(E92-G92+H92) -> -816.2
B93: General - Grass Cutting | C93: 575 | D93: 225 | E93: =SUM(C93:D93) -> 800 | G93: 710 | H93: 0 | I93: =SUM(E93-G93+H93) -> 90
B94: General - Maintenance | C94: 102.5 | D94: 2397.5 | E94: =SUM(C94:D94) -> 2500 | G94: 4538.09 | H94: 34.76 | I94: =SUM(E94-G94+H94) -> -2003.33
B95: General - MDC Park Rangers | C95: 1300 | D95: 0 | E95: =SUM(C95+D95) -> 1300 | G95: 0 | H95: 0 | I95: =SUM(E95-G95+H95) -> 1300
B96: General - Rents/Lettings incl W/S | C96: -596.42 | D96: -4403.58 | E96: =SUM(C96:D96) -> -5000 | G96: 109.4 | H96: 5980.44 | I96: =SUM(E96-G96+H96) -> 871.04
B97: General - Safety Barriers | C97: 433.5 | D97: 0 | E97: =SUM(C97+D97) -> 433.5 | G97: 0 | H97: 0 | I97: =SUM(E97-G97+H97) -> 433.5
B99: Pavilion - Cleaning | C99: 36.72 | D99: 623.28 | E99: =SUM(C99:D99) -> 660 | G99: 514.08 | H99: 0 | I99: =SUM(E99-G99+H99) -> 145.92
B100: Pavilion - Electricity | C100: 203.24 | D100: 596.76 | E100: =SUM(C100:D100) -> 800 | G100: 345.92 | H100: 65.8 | I100: =SUM(E100-G100+H100) -> 519.88
B101: Pavilion - Rates | C101: 0 | D101: 0 | E101: =SUM(C101:D101) -> 0 | G101: 0 | H101: 0 | I101: =SUM(E101-G101+H101) -> 0
B102: Pavilion - Sewerage | C102: 204.14 | D102: 495.86 | E102: =SUM(C102:D102) -> 700 | G102: 558.28 | H102: 0 | I102: =SUM(E102-G102+H102) -> 141.72
B103: Pavilion - Water | C103: -472.52 | D103: 1472.52 | E103: =SUM(C103:D103) -> 1000 | G103: 273.9 | H103: 0 | I103: =SUM(E103-G103+H103) -> 726.1
B105: Playground/Car Park Maintenance | C105: 1139.74 | D105: 3560.26 | E105: =SUM(C105:D105) -> 4700 | G105: 3753.29 | H105: 0 | I105: =SUM(E105-G105+H105) -> 946.71
A107: Parish Machinery | F107: =SUM(E108:E110) -> 3400 | G107: =SUM(G108:G110) -> 3734.79 | H107: =SUM(H108:H110) -> 150 | J107: =SUM(F107-G107+H107) -> -184.79
B108: Fuel | C108: 180.19 | D108: 319.81 | E108: =SUM(C108:D108) -> 500 | G108: 314.71 | H108: 0 | I108: =SUM(E108-G108+H108) -> 185.29
B109: Insurance | C109: -304.92 | D109: 1404.92 | E109: =SUM(C109:D109) -> 1100 | G109: 1102.4 | H109: 0 | I109: =SUM(E109-G109+H109) -> -2.4
B110: Maintenance | C110: 253.83 | D110: 1546.17 | E110: =SUM(C110:D110) -> 1800 | G110: 2317.68 | H110: 150 | I110: =SUM(E110-G110+H110) -> -367.68
A112: Parish Maintenance | F112: =SUM(E113:E121) -> 7041.38 | G112: =SUM(G113:G122) -> 2250.56 | H112: =SUM(H113:H122) -> 748.51 | J112: =SUM(F112-G112+H112) -> 5539.33
B113: Bus Shelters | C113: 500 | D113: 0 | E113: =SUM(C113:D113) -> 500 | G113: 0 | H113: 0 | I113: =SUM(E113-G113+H113) -> 500
B114: Church Clock | C114: 200 | D114: 150 | E114: =SUM(C114:D114) -> 350 | G114: 145 | H114: 0 | I114: =SUM(E114-G114+H114) -> 205
B115: Dog and Litter Bins | C115: 290 | D115: 60 | E115: =SUM(C115:D115) -> 350 | G115: 0 | H115: 0 | I115: =SUM(E115-G115+H115) -> 350
B116: DSD Road Safety | C116: 2921 | D116: -721 | E116: =SUM(C116:D116) -> 2200 | G116: 0 | H116: 0 | I116: =SUM(E116-G116+H116) -> 2200
B117: General | C117: 447.12 | D117: 275.26 | E117: =SUM(C117:D117) -> 722.38 | G117: 180.56 | H117: 0 | I117: =SUM(E117-G117+H117) -> 541.82
B118: Grass Cutting (Verges & Cemetery) | C118: -212 | D118: 1212 | E118: =SUM(C118:D118) -> 1000 | G118: 865 | H118: 0 | I118: =SUM(E118-G118+H118) -> 135
B119: Income (Grass Cutting) | C119: -110 | D119: 110 | E119: =SUM(C119:D119) -> 0 | G119: 0 | H119: 0 | I119: =SUM(E119-G119+H119) -> 0
B120: Jubilee Woods | C120: 910 | D120: 90 | E120: =SUM(C120:D120) -> 1000 | G120: 160 | H120: 0 | I120: =SUM(E120-G120+H120) -> 840
B121: Village Map/Notice Board | C121: 719 | D121: 200 | E121: =SUM(C121+D121) -> 919 | G121: 875 | H121: 748.51 | I121: =SUM(E121-G121+H121) -> 792.51
B122: Southminster in Bloom | C122: 0 | D122: 0 | E122: =SUM(C122+D122) -> 0 | G122: 25 | H122: 0 | I122: =SUM(E122-G122+H122) -> -25
A124: Precept Projects | F124: =SUM(E125+E126) -> 14944.16 | G124: =SUM(G125+G126) -> 89313.05 | H124: =SUM(H125+H126) -> 74368.89 | J124: =SUM(F124-G124+H124) -> 0
B125: KGVMF Community Building | C125: 14944.16 | D125: 0 | E125: =SUM(C125+D125) -> 14944.16 | G125: 51481.05 | H125: 36536.89 | I125: =SUM(E125-G125+H125) -> 0
B126: One Place Community Building | C126: 0 | D126: 0 | E126: =SUM(C126+D126) -> 0 | G126: 37832 | H126: 37832 | I126: =SUM(E126-G126+H126) -> 0
A128: Public Health & Safety | F128: =SUM(E129) -> 3600 | G128: =SUM(G129) -> 50 | H128: =SUM(H129) -> 0 | J128: =SUM(F128-G128+H128) -> 3550
B129: Public Health & Safety | C129: 2689.21 | D129: 910.79 | E129: =SUM(C129:D129) -> 3600 | G129: 50 | H129: 0 | I129: =SUM(E129-G129+H129) -> 3550
A131: Street Lighting | F131: =SUM(E132:E134) -> 3500 | G131: =SUM(G132:G134) -> 2298.67 | H131: =SUM(H132:H134) -> 0 | J131: =SUM(F131-G131+H131) -> 1201.33
B132: Electricity | C132: 121.28 | D132: 1078.72 | E132: =SUM(C132:D132) -> 1200 | G132: 978.72 | H132: 0 | I132: =SUM(E132-G132+H132) -> 221.28
B133: Maintenance | C133: -17.75 | D133: 1617.75 | E133: =SUM(C133:D133) -> 1600 | G133: 1319.95 | H133: 0 | I133: =SUM(E133-G133+H133) -> 280.05
...

Sheet R & P
A1: Receipts and Payments since last report
C2: Payments at 13/03/2012 | D2: Current Payments | E2: Payments for period | G2: Receipts at 13/03/2012 | H2: Current receipts | I2: Receipts for period
A4: Administration | C4: =SUM(C5:C18) -> 9815.9 | D4: =SUM('Overall Budget'!G5) -> 9867.66 | E4: =SUM(D4-C4) -> 51.76 | G4: =SUM(G5:G18) -> 200.94 | H4: =SUM('Overall Budget'!H5) -> 206.94 | I4: =SUM(H4-G4) -> 6
B5: Audit | C5: 719 | D5: =SUM('Overall Budget'!G6) -> 719 | E5: =SUM(D5-C5) -> 0 | G5: 0 | H5: =SUM('Overall Budget'!H6) -> 0 | I5: =SUM(H5-G5) -> 0
B6: Chairman's Honorarium | C6: 500 | D6: =SUM('Overall Budget'!G7) -> 500 | E6: =SUM(D6-C6) -> 0 | G6: 0 | H6: =SUM('Overall Budget'!H7) -> 0 | I6: =SUM(H6-G6) -> 0
B7: Charity | C7: 100 | D7: =SUM('Overall Budget'!G8) -> 100 | E7: =SUM(D7-C7) -> 0 | G7: 107.5 | H7: =SUM('Overall Budget'!H8) -> 107.5 | I7: =SUM(H7-G7) -> 0
B8: Election Costs | C8: 63.24 | D8: =SUM('Overall Budget'!G9) -> 63.24 | E8: =SUM(D8-C8) -> 0 | G8: 0 | H8: =SUM('Overall Budget'!H9) -> 0 | I8: =SUM(H8-G8) -> 0
B9: General Expenses | C9: 515.97 | D9: =SUM('Overall Budget'!G10) -> 515.97 | E9: =SUM(D9-C9) -> 0 | G9: 3 | H9: =SUM('Overall Budget'!H10) -> 3 | I9: =SUM(H9-G9) -> 0
B10: Green Sacks | C10: 0 | D10: =SUM('Overall Budget'!G11) -> 0 | E10: =SUM(D10-C10) -> 0 | G10: 4 | H10: =SUM('Overall Budget'!H11) -> 10 | I10: =SUM(H10-G10) -> 6
B11: Insurance - General | C11: 4243.29 | D11: =SUM('Overall Budget'!G12) -> 4243.29 | E11: =SUM(D11-C11) -> 0 | G11: 0 | H11: =SUM('Overall Budget'!H12) -> 0 | I11: =SUM(H11-G11) -> 0
B12: Insurance - One Place | C12: 1479.86 | D12: =SUM('Overall Budget'!G13) -> 1479.86 | E12: =SUM(D12-C12) -> 0 | G12: 0 | H12: =SUM('Overall Budget'!H13) -> 0 | I12: =SUM(H12-G12) -> 0
B13: IT Services | C13: 648.91 | D13: =SUM('Overall Budget'!G14) -> 648.91 | E13: =SUM(D13-C13) -> 0 | G13: 0 | H13: =SUM('Overall Budget'!H14) -> 0 | I13: =SUM(H13-G13) -> 0
B14: Postage | C14: 50.6 | D14: =SUM('Overall Budget'!G15) -> 50.6 | E14: =SUM(D14-C14) -> 0 | G14: 0 | H14: =SUM('Overall Budget'!H15) -> 0 | I14: =SUM(H14-G14) -> 0
B15: Stationary | C15: 303.04 | D15: =SUM('Overall Budget'!G16) -> 344.11 | E15: =SUM(D15-C15) -> 41.07 | G15: 86.44 | H15: =SUM('Overall Budget'!H16) -> 86.44 | I15: =SUM(H15-G15) -> 0
B16: Subscriptions | C16: 658.01 | D16: =SUM('Overall Budget'!G17) -> 658.01 | E16: =SUM(D16-C16) -> 0 | G16: 0 | H16: =SUM('Overall Budget'!H17) -> 0 | I16: =SUM(H16-G16) -> 0
... B18: Training | C18: 214.55 | D18: =SUM('Overall Budget'!G19) -> 225.74 | E18: =SUM(D18-C18) -> 11.19 | G18: 0 | H18: =SUM('Overall Budget'!H19) -> 0 | I18: =SUM(H18-G18) -> 0
A20: Wages PAYE & Expenses | C20: =SUM(C21:C21) -> 10899.17 | D20: =SUM('Overall Budget'!G21) -> 11640.79 | E20: =SUM(D20-C20) -> 741.62 | G20: =SUM(G21:G21) -> 0 | H20: =SUM('Overall Budget'!H21) -> 0 | I20: =SUM(H20-G20) -> 0
B21: Clerk (Salary + Employer's N I) | C21: 10899.17 | D21: =SUM('Overall Budget'!G22) -> 11640.79 | E21: =SUM(D21-C21) -> 741.62 | G21: 0 | H21: =SUM('Overall Budget'!H22) -> 0 | I21: =SUM(H21-G21) -> 0
A23: S137 Payments | C23: 105 | D23: =SUM('Overall Budget'!G24) -> 105 | E23: =SUM(D23-C23) -> 0 | G23: 0 | H23: =SUM('Overall Budget'!H24) -> 0 | I23: =SUM(H23-G23) -> 0
A25: Capital Spending (Asset purchase) | C25: 0 | D25: =SUM('Overall Budget'!G26) -> 0 | E25: =SUM(D25-C25) -> 0 | G25: 0 | H25: =SUM('Overall Budget'!H26) -> 0 | I25: =SUM(H25-G25) -> 0
A27: Sale of Assets | C27: 0 | D27: =SUM('Overall Budget'!G28) -> 150 | E27: =SUM(D27-C27) -> 150 | G27: 150 | H27: =SUM('Overall Budget'!H28) -> 150 | I27: =SUM(H27-G27) -> 0
A29: Loans etc for Capital expend | C29: 0 | D29: =SUM('Overall Budget'!G30) -> 0 | E29: =SUM(D29-C29) -> 0 | G29: 0 | H29: =SUM('Overall Budget'!H30) -> 0 | I29: =SUM(H29-G29) -> 0
A31: Loan, Interest & Repayments | C31: 0.1 | D31: =SUM('Overall Budget'!G32) -> 0.1 | E31: =SUM(D31-C31) -> 0 | G31: 0 | H31: =SUM('Overall Budget'!H32) -> 0 | I31: =SUM(H31-G31) -> 0
A33: Interest on Invts and A/Cs | C33: =SUM(C34:C35) -> 0 | D33: =SUM('Overall Budget'!G34) -> 52.07 | E33: =SUM(D33-C33) -> 52.07 | G33: =SUM(G34:G35) -> 41.74 | H33: =SUM('Overall Budget'!H34) -> 52.07 | I33: =SUM(H33-G33) -> 10.33
B34: Business Reserve | C34: 0 | D34: =SUM('Overall Budget'!G35) -> 36.74 | E34: =SUM(D34-C34) -> 36.74 | G34: 29.72 | H34: =SUM('Overall Budget'!H35) -> 36.74 | I34: =SUM(H34-G34) -> 7.02
B35: Business Premium | C35: 0 | D35: =SUM('Overall Budget'!G36) -> 15.33 | E35: =SUM(D35-C35) -> 15.33 | G35: 12.02 | H35: =SUM('Overall Budget'!H36) -> 15.33 | I35: =SUM(H35-G35) -> 3.31
A37: Tenancies (Council as Landlord) | C37: 0 | D37: =SUM('Overall Budget'!G38) -> 916.66 | E37: =SUM(D37-C37) -> 916.66 | G37: 916.66 | H37: =SUM('Overall Budget'!H38) -> 916.66 | I37: =SUM(H37-G37) -> 0
A39: Capital Grants | C39: 0 | D39: =SUM('Overall Budget'!G40) -> 0 | E39: =SUM(D39-C39) -> 0 | G39: 0 | H39: =SUM('Overall Budget'!H40) -> 0 | I39: =SUM(H39-G39) -> 0
A41: Agency Services | C41: 0 | D41: =SUM('Overall Budget'!G42) -> 0 | E41: =SUM(D41-C41) -> 0 | G41: 0 | H41: =SUM('Overall Budget'!H42) -> 0 | I41: =SUM(H41-G41) -> 0
A43: Other Payments (Not listed here) | C43: 36 | D43: =SUM('Overall Budget'!G44) -> 36 | E43: =SUM(D43-C43) -> 0 | G43: 0 | H43: =SUM('Overall Budget'!H44) -> 36 | I43: =SUM(H43-G43) -> 36
A45: Provision for doubtful debts | C45: =SUM(C46:C46) -> 0 | G45: =SUM(G46:G46) -> 940
B46: Recovered Monies (Clerk) | C46: 0 | D46: =SUM('Overall Budget'!G47) -> 0 | E46: =SUM(D46-C46) -> 0 | G46: 940 | H46: =SUM('Overall Budget'!H47) -> 940 | I46: =SUM(H46-G46) -> 0
A48: Advertising & Publicity | C48: =SUM(C49:C50) -> 885 | D48: =SUM('Overall Budget'!G49) -> 1015 | E48: =SUM(D48-C48) -> 130 | G48: =SUM(G49:G50) -> 0 | H48: =SUM('Overall Budget'!H49) -> 0 | I48: =SUM(H48-G48) -> 0
B49: SPN | C49: 885 | D49: =SUM('Overall Budget'!G50) -> 1015 | E49: =SUM(D49-C49) -> 130 | G49: 0 | H49: =SUM('Overall Budget'!H50) -> 0 | I49: =SUM(H49-G49) -> 0
B50: Other | C50: 0 | D50: =SUM('Overall Budget'!G51) -> 0 | E50: =SUM(D50-C50) -> 0 | G50: 0 | H50: =SUM('Overall Budget'!H51) -> 0 | I50: =SUM(H50-G50) -> 0
A52: Allotments | C52: =SUM(C53:C55) -> 1439.16 | D52: =SUM('Overall Budget'!G53) -> 1457.22 | E52: =SUM(D52-C52) -> 18.06 | G52: =SUM(G53:G55) -> 856.21 | H52: =SUM('Overall Budget'!H53) -> 856.21 | I52: =SUM(H52-G52) -> 0
B53: Lettings | C53: 0 | D53: =SUM('Overall Budget'!G54) -> 0 | E53: =SUM(D53-C53) -> 0 | G53: 856.21 | H53: =SUM('Overall Budget'!H54) -> 856.21 | I53: =SUM(H53-G53) -> 0
B54: Maintenance (incl grass cutting) | C54: 1039.32 | D54: =SUM('Overall Budget'!G55) -> 1039.32 | E54: =SUM(D54-C54) -> 0 | G54: 0 | H54: =SUM('Overall Budget'!H55) -> 0 | I54: =SUM(H54-G54) -> 0
B55: Water | C55: 399.84 | D55: =SUM('Overall Budget'!G56) -> 417.9 | E55: =SUM(D55-C55) -> 18.06 | G55: 0 | H55: =SUM('Overall Budget'!H56) -> 0 | I55: =SUM(H55-G55) -> 0
A57: Parish Room/Old Parish Room/Car Park/Toilet/One Place | C57: =SUM(C58:C75) -> 5632.03 | D57: =SUM('Overall Budget'!G58) -> 5555.43 | E57: =SUM(D57-C57) -> -76.6 | G57: =SUM(G58:G75) -> 1684.3 | H57: =SUM('Overall Budget'!H58) -> 1684.3 | I57: =SUM(H57-G57) -> 0
B58: Car Park - Cleaning | C58: 0 | D58: =SUM('Overall Budget'!G59) -> 0 | E58: =SUM(D58-C58) -> 0 | G58: 0 | H58: =SUM('Overall Budget'!H59) -> 0 | I58: =SUM(H58-G58) -> 0
B59: Car Park - Electricity | C59: 564.44 | D59: =SUM('Overall Budget'!G60) -> 564.44 | E59: =SUM(D59-C59) -> 0 | G59: 0 | H59: =SUM('Overall Budget'!H60) -> 0 | I59: =SUM(H59-G59) -> 0
B60: Car Park - Maintenance (incl transfer fees) | C60: 231.91 | D60: =SUM('Overall Budget'!G61) -> 231.91 | E60: =SUM(D60-C60) -> 0 | G60: 40 | H60: =SUM('Overall Budget'!H61) -> 40 | I60: =SUM(H60-G60) -> 0
B61: Car Park - Rates | C61: 1278.55 | D61: =SUM('Overall Budget'!G62) -> 1176.55 | E61: =SUM(D61-C61) -> -102 | G61: 0 | H61: =SUM('Overall Budget'!H62) -> 0 | I61: =SUM(H61-G61) -> 0
B62: Car Park - One Place rates | C62: 81.48 | D62: =SUM('Overall Budget'!G63) -> 81.48 | E62: =SUM(D62-C62) -> 0 | G62: 0 | H62: =SUM('Overall Budget'!H63) -> 0 | I62: =SUM(H62-G62) -> 0
B63: Car Park - Toilet rates | C63: 155.88 | D63: =SUM('Overall Budget'!G64) -> 155.88 | E63: =SUM(D63-C63) -> 0 | G63: 0 | H63: =SUM('Overall Budget'!H64) -> 0 | I63: =SUM(H63-G63) -> 0
B64: Car Park - One Place Rent | C64: 0 | D64: =SUM('Overall Budget'!G65) -> 0 | E64: =SUM(D64-C64) -> 0 | G64: 0 | H64: =SUM('Overall Budget'!H65) -> 0 | I64: =SUM(H64-G64) -> 0
B65: Car Park - Sewerage | C65: 71.43 | D65: =SUM('Overall Budget'!G66) -> 71.43 | E65: =SUM(D65-C65) -> 0 | G65: 0 | H65: =SUM('Overall Budget'!H66) -> 0 | I65: =SUM(H65-G65) -> 0
B66: Car Park - Water | C66: 130.26 | D66: =SUM('Overall Budget'!G67) -> 130.26 | E66: =SUM(D66-C66) -> 0 | G66: 0 | H66: =SUM('Overall Budget'!H67) -> 0 | I66: =SUM(H66-G66) -> 0
B68: Parish Rooms - Cleaning | C68: 393.12 | D68: =SUM('Overall Budget'!G69) -> 393.12 | E68: =SUM(D68-C68) -> 0 | G68: 0 | H68: =SUM('Overall Budget'!H69) -> 0 | I68: =SUM(H68-G68) -> 0
B69: Parish Rooms - Electricity | C69: 656.85 | D69: =SUM('Overall Budget'!G70) -> 656.85 | E69: =SUM(D69-C69) -> 0 | G69: 148.3 | H69: =SUM('Overall Budget'!H70) -> 148.3 | I69: =SUM(H69-G69) -> 0
B70: Parish Rooms - Gas | C70: 804 | D70: =SUM('Overall Budget'!G71) -> 801.76 | E70: =SUM(D70-C70) -> -2.24 | G70: 0 | H70: =SUM('Overall Budget'!H71) -> 0 | I70: =SUM(H70-G70) -> 0
... B75: Parish Rooms - Water | C75: 180 | D75: =SUM('Overall Budget'!G76) -> 204.04 | E75: =SUM(D75-C75) -> 24.04 | G75: 0 | H75: =SUM('Overall Budget'!H76) -> 0 | I75: =SUM(H75-G75) -> 0
A77: Events | C77: =SUM(C78:C80) -> 6120.22 | D77: =SUM('Overall Budget'!G78) -> 6120.22 | E77: =SUM(D77-C77) -> 0 | G77: =SUM(G78:G80) -> 2881 | H77: =SUM('Overall Budget'!H78) -> 2881 | I77: =SUM(H77-G77) -> 0
B78: Halloween | C78: 5275.22 | D78: =SUM('Overall Budget'!G79) -> 5275.22 | E78: =SUM(D78-C78) -> 0 | G78: 2881 | H78: =SUM('Overall Budget'!H79) -> 2881 | I78: =SUM(H78-G78) -> 0
B79: Flower Show Tent | C79: 645 | D79: =SUM('Overall Budget'!G80) -> 645 | E79: =SUM(D79-C79) -> 0 | G79: 0 | H79: =SUM('Overall Budget'!H80) -> 0 | I79: =SUM(H79-G79) -> 0
B80: Jubilee | C80: 200 | D80: =SUM('Overall Budget'!G81) -> 200 | E80: =SUM(D80-C80) -> 0 | G80: 0 | H80: =SUM('Overall Budget'!H81) -> 0 | I80: =SUM(H80-G80) -> 0
A82: King George V Memorial Field | C82: =SUM(C83:C104) -> 13291.54 | D82: =SUM('Overall Budget'!G83) -> 13534.14 | E82: =SUM(D82-C82) -> 242.6 | G82: =SUM(G83:G104) -> 6314 | H82: =SUM('Overall Budget'!H83) -> 6398 | I82: =SUM(H82-G82) -> 84
B83: Community Hall - Cleaning | C83: 130.36 | D83: =SUM('Overall Budget'!G84) -> 130.36 | E83: =SUM(D83-C83) -> 0 | G83: 0 | H83: =SUM('Overall Budget'!H84) -> 0 | I83: =SUM(H83-G83) -> 0
B84: Community Hall - Electricity | C84: 0 | D84: =SUM('Overall Budget'!G85) -> 0 | E84: =SUM(D84-C84) -> 0 | G84: 0 | H84: =SUM('Overall Budget'!H85) -> 0 | I84: =SUM(H84-G84) -> 0
B85: Community Hall - Rates | C85: 660.15 | D85: =SUM('Overall Budget'!G86) -> 624.47 | E85: =SUM(D85-C85) -> -35.68 | G85: 0 | H85: =SUM('Overall Budget'!H86) -> 0 | I85: =SUM(H85-G85) -> 0
B86: Community Hall - Lettings | C86: 0 | D86: =SUM('Overall Budget'!G87) -> 0 | E86: =SUM(D86-C86) -> 0 | G86: 233 | H86: =SUM('Overall Budget'!H87) -> 317 | I86: =SUM(H86-G86) -> 84
B87: Community Hall - Maintenance | C87: 561.87 | D87: =SUM('Overall Budget'!G88) -> 660.15 | E87: =SUM(D87-C87) -> 98.28 | G87: 0 | H87: =SUM('Overall Budget'!H88) -> 0 | I87: =SUM(H87-G87) -> 0
B88: Community Hall - Sewerage | C88: 0 | D88: =SUM('Overall Budget'!G89) -> 0 | E88: =SUM(D88-C88) -> 0 | G88: 0 | H88: =SUM('Overall Budget'!H89) -> 0 | I88: =SUM(H88-G88) -> 0
B89: Community Hall - Water | C89: 0 | D89: =SUM('Overall Budget'!G90) -> 0 | E89: =SUM(D89-C89) -> 0 | G89: 0 | H89: =SUM('Overall Budget'!H90) -> 0 | I89: =SUM(H89-G89) -> 0
B91: General - BMX | C91: 1316.2 | D91: =SUM('Overall Budget'!G92) -> 1316.2 | E91: =SUM(D91-C91) -> 0 | G91: 0 | H91: =SUM('Overall Budget'!H92) -> 0 | I91: =SUM(H91-G91) -> 0
B92: General - Grass Cutting | C92: 590 | D92: =SUM('Overall Budget'!G93) -> 710 | E92: =SUM(D92-C92) -> 120 | G92: 0 | H92: =SUM('Overall Budget'!H93) -> 0 | I92: =SUM(H92-G92) -> 0
B93: General - Maintenance | C93: 4478.09 | D93: =SUM('Overall Budget'!G94) -> 4538.09 | E93: =SUM(D93-C93) -> 60 | G93: 34.76 | H93: =SUM('Overall Budget'!H94) -> 34.76 | I93: =SUM(H93-G93) -> 0
B94: General - MDC Park Rangers | C94: 0 | D94: =SUM('Overall Budget'!G95) -> 0 | E94: =SUM(D94-C94) -> 0 | G94: 0 | H94: =SUM('Overall Budget'!H95) -> 0 | I94: =SUM(H94-G94) -> 0
B95: General - Rents/Lettings incl W/S | C95: 109.4 | D95: =SUM('Overall Budget'!G96) -> 109.4 | E95: =SUM(D95-C95) -> 0 | G95: 5980.44 | H95: =SUM('Overall Budget'!H96) -> 5980.44 | I95: =SUM(H95-G95) -> 0
... B104: Playground/Car Park Maintenance | C104: 3753.29 | D104: =SUM('Overall Budget'!G105) -> 3753.29 | E104: =SUM(D104-C104) -> 0 | G104: 0 | H104: =SUM('Overall Budget'!H105) -> 0 | I104: =SUM(H104-G104) -> 0
A106: Parish Machinery | C106: =SUM(C107:C109) -> 3593.27 | D106: =SUM('Overall Budget'!G107) -> 3734.79 | E106: =SUM(D106-C106) -> 141.52 | G106: =SUM(G107:G109) -> 0 | H106: =SUM('Overall Budget'!H107) -> 150 | I106: =SUM(H106-G106) -> 150
B107: Fuel | C107: 314.71 | D107: =SUM('Overall Budget'!G108) -> 314.71 | E107: =SUM(D107-C107) -> 0 | G107: 0 | H107: =SUM('Overall Budget'!H108) -> 0 | I107: =SUM(H107-G107) -> 0
B108: Insurance | C108: 1102.4 | D108: =SUM('Overall Budget'!G109) -> 1102.4 | E108: =SUM(D108-C108) -> 0 | G108: 0 | H108: =SUM('Overall Budget'!H109) -> 0 | I108: =SUM(H108-G108) -> 0
B109: Maintenance | C109: 2176.16 | D109: =SUM('Overall Budget'!G110) -> 2317.68 | E109: =SUM(D109-C109) -> 141.52 | G109: 0 | H109: =SUM('Overall Budget'!H110) -> 150 | I109: =SUM(H109-G109) -> 150
A111: Parish Maintenance | C111: =SUM(C112:C121) -> 2112.06 | D111: =SUM('Overall Budget'!G112) -> 2250.56 | E111: =SUM(D111-C111) -> 138.5 | G111: =SUM(G112:G121) -> 748.51 | H111: =SUM('Overall Budget'!H112) -> 748.51 | I111: =SUM(H111-G111) -> 0
B112: Bus Shelters | C112: 0 | D112: =SUM('Overall Budget'!G113) -> 0 | E112: =SUM(D112-C112) -> 0 | G112: 0 | H112: =SUM('Overall Budget'!H113) -> 0 | I112: =SUM(H112-G112) -> 0
B113: Church Clock | C113: 145 | D113: =SUM('Overall Budget'!G114) -> 145 | E113: =SUM(D113-C113) -> 0 | G113: 0 | H113: =SUM('Overall Budget'!H114) -> 0 | I113: =SUM(H113-G113) -> 0
B114: Dog and Litter Bins | C114: 0 | D114: =SUM('Overall Budget'!G115) -> 0 | E114: =SUM(D114-C114) -> 0 | G114: 0 | H114: =SUM('Overall Budget'!H115) -> 0 | I114: =SUM(H114-G114) -> 0
B115: DSD Road Safety | C115: 0 | D115: =SUM('Overall Budget'!G116) -> 0 | E115: =SUM(D115-C115) -> 0 | G115: 0 | H115: =SUM('Overall Budget'!H116) -> 0 | I115: =SUM(H115-G115) -> 0
B116: General | C116: 162.06 | D116: =SUM('Overall Budget'!G117) -> 180.56 | E116: =SUM(D116-C116) -> 18.5 | G116: 0 | H116: =SUM('Overall Budget'!H117) -> 0 | I116: =SUM(H116-G116) -> 0
B117: Grass Cutting (Verges & Cemetery) | C117: 785 | D117: =SUM('Overall Budget'!G118) -> 865 | E117: =SUM(D117-C117) -> 80 | G117: 0 | H117: =SUM('Overall Budget'!H118) -> 0 | I117: =SUM(H117-G117) -> 0
B118: Income (Grass Cutting) | C118: 0 | D118: =SUM('Overall Budget'!G119) -> 0 | E118: =SUM(D118-C118) -> 0 | G118: 0 | H118: =SUM('Overall Budget'!H119) -> 0 | I118: =SUM(H118-G118) -> 0
B119: Jubilee Woods | C119: 120 | D119: =SUM('Overall Budget'!G120) -> 160 | E119: =SUM(D119-C119) -> 40 | G119: 0 | H119: =SUM('Overall Budget'!H120) -> 0 | I119: =SUM(H119-G119) -> 0
B120: Village Map/Notice Board | C120: 875 | D120: =SUM('Overall Budget'!G121) -> 875 | E120: =SUM(D120-C120) -> 0 | G120: 748.51 | H120: =SUM('Overall Budget'!H121) -> 748.51 | I120: =SUM(H120-G120) -> 0
B121: Southminster in Bloom | C121: 25 | D121: =SUM('Overall Budget'!G122) -> 25 | E121: =SUM(D121-C121) -> 0 | G121: 0 | H121: =SUM('Overall Budget'!H122) -> 0 | I121: =SUM(H121-G121) -> 0
A123: Precept Projects | C123: =SUM(C124+C125) -> 89313.05 | D123: =SUM('Overall Budget'!G124) -> 89313.05 | E123: =SUM(D123-C123) -> 0 | G123: =SUM(G124+G125) -> 74368.89 | H123: =SUM('Overall Budget'!H124) -> 74368.89 | I123: =SUM(H123-G123) -> 0
B124: KGVMF Community Building | C124: 51481.05 | D124: =SUM('Overall Budget'!G125) -> 51481.05 | E124: =SUM(D124-C124) -> 0 | G124: 36536.89 | H124: =SUM('Overall Budget'!H125) -> 36536.89 | I124: =SUM(H124-G124) -> 0
B125: One Place Community Building | C125: 37832 | D125: =SUM('Overall Budget'!G126) -> 37832 | E125: =SUM(D125-C125) -> 0 | G125: 37832 | H125: =SUM('Overall Budget'!H126) -> 37832 | I125: =SUM(H125-G125) -> 0
A127: Public Health & Safety | C127: =SUM(C128) -> 0 | D127: =SUM('Overall Budget'!G128) -> 50 | E127: =SUM(D127-C127) -> 50 | G127: =SUM(G128) -> 0 | H127: =SUM('Overall Budget'!H128) -> 0 | I127: =SUM(H127-G127) -> 0
B128: Public Health & Safety | C128: 0 | D128: =SUM('Overall Budget'!G129) -> 50 | E128: =SUM(D128-C128) -> 50 | G128: 0 | H128: =SUM('Overall Budget'!H129) -> 0 | I128: =SUM(H128-G128) -> 0
A130: Street Lighting | C130: =SUM(C131:C133) -> 2298.67 | D130: =SUM('Overall Budget'!G131) -> 2298.67 | E130: =SUM(D130-C130) -> 0 | G130: =SUM(G131:G133) -> 0 | H130: =SUM('Overall Budget'!H131) -> 0 | I130: =SUM(H130-G130) -> 0
B131: Electricity | C131: 978.72 | D131: =SUM('Overall Budget'!G132) -> 978.72 | E131: =SUM(D131-C131) -> 0 | G131: 0 | H131: =SUM('Overall Budget'!H132) -> 0 | I131: =SUM(H131-G131) -> 0
B132: Maintenance | C132: 1319.95 | D132: =SUM('Overall Budget'!G133) -> 1319.95 | E132: =SUM(D132-C132) -> 0 | G132: 0 | H132: =SUM('Overall Budget'!H133) -> 0 | I132: =SUM(H132-G132) -> 0
B133: Street Lighting Improvements | C133: 0 | D133: =SUM('Overall Budget'!G134) -> 0 | E133: =SUM(D133-C133) -> 0 | G133: 0 | H133: =SUM('Overall Budget'!H134) -> 0 | I133: =SUM(H133-G133) -> 0
A135: Youth Club | C135: =SUM(C136:C136) -> 1230.2 | D135: =SUM('Overall Budget'!G136) -> 1230.2 | E135: =SUM(D135-C135) -> 0 | G135: =SUM(G136:G136) -> 0 | H135: =SUM('Overall Budget'!H136) -> 0 | I135: =SUM(H135-G135) -> 0
B136: Youth Workers | C136: 1230.2 | D136: =SUM('Overall Budget'!G137) -> 1230.2 | E136: =SUM(D136-C136) -> 0 | G136: 0 | H136: =SUM('Overall Budget'!H137) -> 0 | I136: =SUM(H136-G136) -> 0
A138: Budget Contingency (5%) | C138: 0 | D138: =SUM('Overall Budget'!G139) -> 0 | E138: =SUM(D138-C138) -> 0 | G138: 0 | H138: =SUM('Overall Budget'!H139) -> 15.33 | I138: =SUM(H138-G138) -> 15.33
A140: Parish Capital Development Fund | C140: 60220.9 | D140: =SUM('Overall Budget'!G141) -> 60220.9 | E140: =SUM(D140-C140) -> 0 | G140: 0 | H140: =SUM('Overall Budget'!H141) -> 953.4 | I140: =SUM(H140-G140) -> 953.4
A144: VAT | C144: 18471.42 | D144: =SUM('Overall Budget'!G145) -> 18518.7 | E144: =SUM(D144-C144) -> 47.28 | G144: 20760.07 | H144: =SUM('Overall Budget'!H145) -> 20760.07 | I144: =SUM(H144-G144) -> 0
...

Sheet One Place Building
A1: PROJECT: One Place Community Building
A2: Last review: 5th January 2012
A3: Date | B3: Name | C3: Description / Item | D3: Receipts | E3: Payments | F3: Balance | G3: Bud #
A5: 1st Apr 11 | B5: Precept Budget | D5: 0 | F5: =SUM(D5-E5) -> 0 | G5: na
A6: 40708 | B6: Tudor Trading | C6: Building deposit | E6: 6678.34 | F6: =SUM(F5+D6-E6) -> -6678.34 | G6: 2
A7: 40723 | B7: Vivalda | C7: Fire proof boarding | E7: 406.8 | F7: =SUM(F6+D7-E7) -> -7085.14 | G7: 7
A8: 40724 | B8: Capital development fund | C8: Fund transfer | D8: 25000 | F8: =SUM(F7+D8-E8) -> 17914.86 | G8: na
A9: 40725 | B9: Tudor Trading | C9: 2nd payment on delivery | E9: 8000 | F9: =SUM(F8+D9-E9) -> 9914.86 | G9: 2
A10: 40728 | B10: Burnham Tool Hire | C10: Hire heavy duty breaker | E10: 150 | F10: =SUM(F9+D10-E10) -> 9764.86 | G10: 10
A11: 40728 | B11: Burnham Tool Hire | C11: Hire heavy duty breaker refund | D11: 114 | F11: =SUM(F10+D11-E11) -> 9878.86 | G11: 10
A12: 40728 | B12: Tudor Trading | C12: 2nd payment on delivery | E12: 5735.68 | F12: =SUM(F11+D12-E12) -> 4143.18 | G12: 2
A13: 40730 | B13: Golden Platter | C13: Refresments for comm workers | E13: 8 | F13: =SUM(F12+D13-E13) -> 4135.18 | G13: 13
A14: 40730 | B14: James Cooper | E14: 60 | F14: =SUM(F13+D14-E14) -> 4075.18 | G14: 10
A15: 40730 | B15: James Cooper | C15: Ground works etc | E15: 190 | F15: =SUM(F14+D15-E15) -> 3885.18 | G15: 10
A16: 40732 | B16: James Cooper | C16: Ground works etc | E16: 120 | F16: =SUM(F15+D16-E16) -> 3765.18 | G16: 13
A17: 40735 | B17: Dengie Plant Hire | C17: Hire of digger | E17: 150 | F17: =SUM(F16+D17-E17) -> 3615.18 | G17: 10
A18: 40736 | B18: Tech Electrical | C18: Electric Cable etc | E18: 104.9 | F18: =SUM(F17+D18-E18) -> 3510.28 | G18: 12
A19: 40737 | B19: James Cooper | C19: Ground works etc | E19: 180 | F19: =SUM(F18+D19-E19) -> 3330.28 | G19: 13
A20: 40739 | B20: James Cooper | C20: Ramp | E20: 70 | F20: =SUM(F19+D20-E20) -> 3260.28 | G20: 11
A21: 40739 | B21: James Cooper | C21: Water/Sewerage | E21: 70 | F21: =SUM(F20+D21-E21) -> 3190.28 | G21: 13
A22: 40739 | B22: Tudor Trading | C22: Final Payment | E22: 7057.33 | F22: =SUM(F21+D22-E22) -> -3867.05 | G22: 2
A23: 40739 | B23: Tudor Trading | C23: Fit fire proof boards | E23: 480 | F23: =SUM(F22+D23-E23) -> -4347.05 | G23: 2
A24: 40742 | B24: Mr & Mrs Johnson | C24: Screening | E24: 118.63 | F24: =SUM(F23+D24-E24) -> -4465.68 | G24: 19
A25: 40742 | B25: Travis Perkins Trading | C25: Goods for ramp | E25: 227.73 | F25: =SUM(F24+D25-E25) -> -4693.41 | G25: 11
A26: 40744 | B26: City Plumbing Supplies | C26: Water meter & stop cock | E26: 51.3 | F26: =SUM(F25+D26-E26) -> -4744.71 | G26: 13
... A58: 40758 | B58: Paul Hovland Ltd | C58: Electrical connections | E58: 243.55 | F58: =SUM(F57+D58-E58) -> -9141.4 | G58: 12
A59: 40759 | B59: Essex County Council | C59: Big Society Fund Grant QR27 | D59: 10000 | F59: =SUM(F58+D59-E59) -> 858.6 | G59: na
A60: 40760 | B60: Travis Perkins Trading | C60: Cement for steps | E60: 44.9 | F60: =SUM(F59+D60-E60) -> 813.7 | G60: 11
A61: 40763 | B61: Travis Perkins Trading | C61: Materials for Toilets | E61: 95.9 | F61: =SUM(F60+D61-E61) -> 717.8 | G61: 18
A62: 40767 | B62: Dengie Project Trust | C62: Cost of internal changes | D62: 758 | F62: =SUM(F61+D62-E62) -> 1475.8 | G62: na
A63: 40767 | B63: James Cooper | C63: Clear site | E63: 60 | F63: =SUM(F62+D63-E63) -> 1415.8 | G63: 10
A64: 40767 | B64: James Cooper | C64: Paint Toilet Block | E64: 60 | F64: =SUM(F63+D64-E64) -> 1355.8 | G64: 16
A65: 40767 | B65: Maldon District Council | C65: Building Regs Fee | E65: 431.47 | F65: =SUM(F64+D65-E65) -> 924.33 | G65: 1
A66: 40770 | B66: GJ's Reclaim | C66: Urinal for toilets | E66: 105.89 | F66: =SUM(F65+D66-E66) -> 818.44 | G66: 18
A67: 40772 | B67: D Boutwell | C67: Reinstate Toilets | E67: 680 | F67: =SUM(F66+D67-E67) -> 138.44 | G67: 18
A68: 40772 | B68: James Cooper | C68: Paint Toilet Block | E68: 120 | F68: =SUM(F67+D68-E68) -> 18.44 | G68: 18
A69: 40779 | B69: Magnum Logistics | C69: Transport Urinal | E69: 50 | F69: =SUM(F68+D69-E69) -> -31.56 | G69: 18
A70: 40786 | B70: Travis Perkins Trading | C70: Wood for toilet door frame | E70: 6.34 | F70: =SUM(F69+D70-E70) -> -37.9 | G70: 18
A71: 40792 | B71: James Cooper | C71: Install Urinal | E71: 60 | F71: =SUM(F70+D71-E71) -> -97.9 | G71: 18
A72: 40798 | B72: Dengie Plumbing Services | C72: Plumbing to One Place | E72: 45 | F72: =SUM(F71+D72-E72) -> -142.9 | G72: 18
A73: 40798 | B73: Dengie Plumbing Services | C73: Plumbing to Toilets | E73: 182 | F73: =SUM(F72+D73-E73) -> -324.9 | G73: 18
A74: 40798 | B74: T A Sage | C74: Hire of Kango Hammer | E74: 95 | F74: =SUM(F73+D74-E74) -> -419.9 | G74: 18
... A91: 40871 | B91: MTS Electrical Ltd | C91: Fit Dryer and lighting | E91: 108.7 | F91: =SUM(F90+D91-E91) -> -1500 | G91: 12
A92: 40871 | B92: Capital development fund | C92: Fund transfer | D92: 1500 | F92: =SUM(F91+D92-E92) -> 4.0927262e-12 | G92: na
A93: 40913 | B93: S D Boutwell | C93: White lining on car park | E93: 460 | F93: =SUM(F92+D93-E93) -> -460 | G93: 15
A94: 40913 | B94: Capital development fund | C94: Fund transfer | D94: 460 | F94: =SUM(F93+D94-E94) -> 4.0927262e-12 | G94: na
E97: End of year sub total | F97: =SUM(F94) -> 4.0927262e-12

Sheet KGV Comm Building
A1: PROJECT: KGVMF Community Building
A2: Last review: 24th August 2011
A3: Date | B3: Name | C3: Description / Item | D3: Receipts | E3: Payments | F3: Balance | G3: Bud #
A5: 1st Apr 10 | B5: Precept Budget | D5: 0 | F5: =SUM(D5) -> 0
A6: 40570 | B6: Youth Club Account | C6: Residual Capital Budget | D6: 389.66 | F6: =SUM(F5+D6-E6) -> 389.66 | G6: na
A7: 40591 | B7: Maldon District Council | C7: Planning application fee | E7: 335 | F7: =SUM(F6+D7-E7) -> 54.66 | G7: 4
A8: 40596 | B8: Essex District Council | C8: Grant from ECC (John Zammit) | D8: 10000 | F8: =SUM(F7+D8-E8) -> 10054.66 | G8: na
A9: 40602 | B9: P H Clark (Tiers Cross) Ltd | C9: Modular Building deposit | E9: 9907.5 | F9: =SUM(F8+D9-E9) -> 147.16 | G9: 6
A10: 40606 | B10: Dengie Plant Hire | C10: Digger for ground works | E10: 60 | F10: =SUM(F9+D10-E10) -> 87.16 | G10: 3
A11: 40606 | B11: Maldon District Council | C11: Return Planning application fee | D11: 335 | F11: =SUM(F10+D11-E11) -> 422.16 | G11: 4
A12: 40617 | B12: Maldon District Council | C12: Planning application fee | E12: 335 | F12: =SUM(F11+D12-E12) -> 87.16 | G12: 4
A13: 40619 | B13: Dengie Plant Hire | C13: Digger for ground works | E13: 60 | F13: =SUM(F12+D13-E13) -> 27.16 | G13: 3
A14: 40619 | B14: John James Associates | C14: Architect fees | E14: 103 | F14: =SUM(F13+D14-E14) -> -75.84 | G14: 1
A15: 40619 | B15: Essex County Council | C15: Grant from ECC (Angie Balcombe) | D15: 16000 | F15: =SUM(F14+D15-E15) -> 15924.16 | G15: na
A16: 40624 | B16: Nigel Cole Associates | C16: Structural Engineering | E16: 980 | F16: =SUM(F15+D16-E16) -> 14944.16 | G16: 3
E18: End of year sub total | F18: 14944.16
A20: 1st Apr 11 | B20: Precept Budget | D20: 0 | F20: =SUM(F16+D20-E20) -> 14944.16
A21: 40641 | B21: Maldon District Council | C21: Planning Application fee | E21: 215.73 | F21: =SUM(F20+D21-E21) -> 14728.43 | G21: 4
A22: 40644 | B22: John James Associates | C22: Architect Fees | E22: 592.2 | F22: =SUM(F21+D22-E22) -> 14136.23 | G22: 1
A23: 40648 | B23: John James Associates | C23: Architect Fees | E23: 471.3 | F23: =SUM(F22+D23-E23) -> 13664.93 | G23: 1
A24: 40682 | B24: Maldon District Council | C24: Planning Application fee | E24: 212.5 | F24: =SUM(F23+D24-E24) -> 13452.43 | G24: 4
A25: 40683 | B25: Willis Civils | C25: Paving Slabs | E25: 750 | F25: =SUM(F24+D25-E25) -> 12702.43 | G25: 12
A26: 40690 | B26: Maldon District Council | C26: Building Contro; Regs Fees | E26: 604.03 | F26: =SUM(F25+D26-E26) -> 12098.4 | G26: 5
A27: 40697 | B27: Makro | C27: Chairs | E27: 279.6 | F27: =SUM(F26+D27-E27) -> 11818.8 | G27: 13
A28: 40697 | B28: Makro | C28: Tables | E28: 294.91 | F28: =SUM(F27+D28-E28) -> 11523.89 | G28: 13
A29: 40704 | B29: Rexel UK Ltd | C29: Electrical parts & Cable | E29: 985.36 | F29: =SUM(F28+D29-E29) -> 10538.53 | G29: 10
A30: 40707 | B30: James Cooper | C30: Install Electrical Cable | E30: 60 | F30: =SUM(F29+D30-E30) -> 10478.53 | G30: 10
A31: 40709 | B31: Dengie Plant Hire | C31: Digger for ground works | E31: 75 | F31: =SUM(F30+D31-E31) -> 10403.53 | G31: 9
A32: 40710 | B32: James Cooper | C32: Concrete and paving slabs | E32: 240 | F32: =SUM(F31+D32-E32) -> 10163.53 | G32: 12
... A46: 40724 | B46: Dengie Plumbing Services | C46: Plumbing connections etc | E46: 244 | F46: =SUM(F45+D46-E46) -> 6423.99 | G46: 11
A47: 40724 | B47: Capital development fund | C47: Fund transfer | D47: 30000 | F47: =SUM(F46+D47-E47) -> 36423.99 | G47: na
A48: 40725 | B48: Fishers Farms | C48: Fencing | E48: 70 | F48: =SUM(F47+D48-E48) -> 36353.99 | G48: 15
A49: 40725 | B49: Ian Wallaker (Builders) Ltd | C49: Groundworks etc. | E49: 8000 | F49: =SUM(F48+D49-E49) -> 28353.99 | G49: 8
A50: 40728 | B50: Home safe | C50: Fire extinquishers etc | E50: 265.6 | F50: =SUM(F49+D50-E50) -> 28088.39 | G50: 16
A51: 40728 | B51: Ian Wallaker (Builders) Ltd | C51: Groundworks etc. | E51: 3694 | F51: =SUM(F50+D51-E51) -> 24394.39 | G51: 8
A52: 40735 | B52: Skeggs Straw Ltd | C52: Moving containers | E52: 600 | F52: =SUM(F51+D52-E52) -> 23794.39 | G52: 17
A53: 40736 | B53: Colin Siggers | C53: Welding of fence and gate | E53: 160 | F53: =SUM(F52+D53-E53) -> 23634.39 | G53: 15
A54: 40742 | B54: P H Clark (Tiers Cross) Ltd | C54: Modular Building final payment | E54: 29722.5 | F54: =SUM(F53+D54-E54) -> -6088.11 | G54: 6
A55: 40745 | B55: Youth Club Fund | C55: Fund transfer | D55: 3275.99 | F55: =SUM(F54+D55-E55) -> -2812.12 | G55: na
A56: 40745 | B56: Capital development fund | C56: Fund transfer | D56: 2812.12 | F56: =SUM(F55+D56-E56) -> -9.094947e-13 | G56: na
A57: 40766 | B57: Various | C57: Goods for opening day | E57: 103.78 | F57: =SUM(F56+D57-E57) -> -103.78 | G57: 18
A58: 40766 | B58: Capital development fund | C58: Fund transfer | D58: 103.78 | F58: =SUM(F57+D58-E58) -> -9.094947e-13 | G58: na
A59: 40778 | B59: Brightsparks | C59: Electrical connection | E59: 345 | F59: =SUM(F58+D59-E59) -> -345 | G59: 10
A60: 40778 | B60: Capital development fund | C60: Fund transfer | D60: 345 | F60: =SUM(F59+D60-E60) -> -9.094947e-13 | G60: na
E63: End of year sub total

Sheet BMX
A1: PROJECT: KGV - Maintenance BMX
A2: Last review: 2nd August 2011
A3: Date | B3: Name | C3: Description / Item | D3: Receipts | E3: Payments | F3: Balance
A5: 1st Apr 09 | B5: Precept Budget | D5: 3000 | F5: =SUM(D5) -> 3000
A6: 40049 | B6: Smallwaste | C6: Removal of waste material | E6: 47.83 | F6: =SUM(F5-E6) -> 2952.17
A7: 40050 | B7: Victor Oxley | C7: Work Invoice | E7: 65 | F7: =SUM(F6-E7) -> 2887.17
A8: 40058 | B8: Victor Oxley | C8: Work Invoice | E8: 98 | F8: =SUM(F7-E8) -> 2789.17
A9: 40066 | B9: Richard Dewick (Trans) | C9: Spoil removal | E9: 88.7 | F9: =SUM(F8-E9) -> 2700.47
A10: 40071 | B10: I T Whittaker | C10: Clear BMX site | E10: 320 | F10: =SUM(F9-E10) -> 2380.47
A11: 40115 | B11: J Moore Scaffolding Ltd | C11: Scaffold Poles for KGV fencing | E11: 140 | F11: =SUM(F10-E11) -> 2240.47
A12: 40130 | B12: Mark Passey | C12: Work Invoice - Digger driver | E12: 50 | F12: =SUM(F11-E12) -> 2190.47
A13: 40133 | B13: B F Ground Maintenance | C13: Holes for fencing for BMX | E13: 60 | F13: =SUM(F12-E13) -> 2130.47
A14: 40134 | B14: H S Jackson & Son (Fencing) Ltd | C14: Fencing for BMX | E14: 375.16 | F14: =SUM(F13-E14) -> 1755.31
A15: 40134 | B15: Pro-mix Ltd | C15: Concrete for Fencing Posts | E15: 116.66 | F15: =SUM(F14-E15) -> 1638.65
A16: 40135 | B16: Victor Oxley | C16: Work Invoice | E16: 98 | F16: =SUM(F15-E16) -> 1540.65
A17: 40136 | B17: Dengie Plant Hire | C17: Hire of Digger for BMX fence | E17: 50 | F17: =SUM(F16-E17) -> 1490.65
A18: 40196 | B18: Eastern Petroleum Supplies Ltd | C18: Supply/drill/fabricate/fencing | E18: 558.5 | F18: =SUM(F17-E18) -> 932.15
E20: End of year sub total | F20: =SUM(F18) -> 932.15
A22: 1st Apr 10 | B22: Precept Budget | D22: 3500 | F22: =SUM(D22+F20) -> 4432.15
A23: 40276 | B23: Dale Hire | C23: Heras Fencing Hire | E23: 200 | F23: =SUM(F22+D23-E23) -> 4232.15
A24: 40312 | B24: James Cooper | C24: Work Invoice | E24: 180 | F24: =SUM(F23+D24-E24) -> 4052.15
A25: 40319 | B25: Cummins & Jennings | C25: Goods for BMX | E25: 46.6 | F25: =SUM(F24+D25-E25) -> 4005.55
A26: 40323 | B26: James Cooper | C26: Work Invoice | E26: 120 | F26: =SUM(F25+D26-E26) -> 3885.55
A27: 40326 | B27: James Cooper | C27: Work Invoice | E27: 180 | F27: =SUM(F26+D27-E27) -> 3705.55
A28: 40330 | B28: Travis Perkings Trading Co Ltd | C28: Marking paint for BMX | E28: 9.32 | F28: =SUM(F27+D28-E28) -> 3696.23
A29: 40330 | B29: Dale Hire | C29: Heras Fencing Hire | E29: 200 | F29: =SUM(F28+D29-E29) -> 3496.23
A30: 40330 | B30: Dale Hire | C30: Heras Fencing Hire | E30: 113.73 | F30: =SUM(F29+D30-E30) -> 3382.5
A31: 40332 | B31: H S Jackson & Son (Fencing) Ltd | C31: Fence Wire for BMX | E31: 51.46 | F31: =SUM(F30+D31-E31) -> 3331.04
A32: 40332 | B32: Danbury Fencing | C32: Winders and bolts for BMX | E32: 50.08 | F32: =SUM(F31+D32-E32) -> 3280.96
A33: 40333 | B33: Pro-mix Ltd | C33: Concrete for BMX fence | E33: 198 | F33: =SUM(F32+D33-E33) -> 3082.96
A34: 40333 | B34: Cash | C34: Digger Driver for BMX 6 days | E34: 450 | F34: =SUM(F33+D34-E34) -> 2632.96
A35: 40333 | B35: James Cooper | C35: Work Invoice | E35: 300 | F35: =SUM(F34+D35-E35) -> 2332.96
A36: 40338 | B36: Dale Hire | C36: Refund on Heras Fencing | D36: 83.67 | F36: =SUM(F35+D36-E36) -> 2416.63
A37: 40340 | B37: James Cooper | C37: Work Invoice | E37: 60 | F37: =SUM(F36+D37-E37) -> 2356.63
A38: 40343 | B38: H S Jackson & Son (Fencing) Ltd | C38: Fence for BMX | E38: 274.6 | F38: =SUM(F37+D38-E38) -> 2082.03
A39: 40343 | B39: I T Whittaker | C39: Hire of Digger and Driver | E39: 1000 | F39: =SUM(F38+D39-E39) -> 1082.03
A40: 40343 | B40: Richard Dewick (Trans) | C40: Supply of Soil for BMX | E40: 1270 | F40: =SUM(F39+D40-E40) -> -187.97
A41: 40345 | B41: Dengie Plant Hire | C41: Digger & Auger for BMX | E41: 480 | F41: =SUM(F40+D41-E41) -> -667.97
A42: 40356 | B42: Cummins & Jennings | C42: Grinding Discs | E42: 24.8 | F42: =SUM(F41+D42-E42) -> -692.77
A43: 40364 | B43: James Cooper | C43: Work Invoice | E43: 180 | F43: =SUM(F42+D43-E43) -> -872.77
A44: 40366 | B44: Rushtons Hardware & DIY | C44: Staples, Sand, Cement | E44: 12.07 | F44: =SUM(F43+D44-E44) -> -884.84
A45: 40367 | B45: Sigweld Ltd | C45: Repair BMX fencing | E45: 40 | F45: =SUM(F44+D45-E45) -> -924.84
A46: 40367 | B46: Richard Dewick (Trans) | C46: Ballast | E46: 20.85 | F46: =SUM(F45+D46-E46) -> -945.69
A47: 40371 | B47: James Cooper | C47: Work Invoice | E47: 20 | F47: =SUM(F46+D47-E47) -> -965.69
A48: 40401 | B48: Dengie Plant Hire | C48: Digger for tyre wall | E48: 150 | F48: =SUM(F47+D48-E48) -> -1115.69
A49: 40421 | B49: Dengie Plant Hire | C49: Digger for BMX | E49: 65 | F49: =SUM(F48+D49-E49) -> -1180.69
A50: 40438 | B50: SPC | C50: Trans budget from contingency | D50: 1480.69 | F50: =SUM(F49+D50-E50) -> 300
A51: 40470 | B51: The Auctioneer Ltd | C51: Banding Machine and Banding | E51: 54 | F51: =SUM(F50+D51-E51) -> 246
A52: 40472 | B52: Dengie Plant Hire | C52: Digger for soakaway | E52: 73 | F52: =SUM(F51+D52-E52) -> 173
A53: 40477 | B53: Eden Park (STMS) Ltd | C53: Grass Seed | E53: 51 | F53: =SUM(F52+D53-E53) -> 122
A54: 40505 | B54: The Auctioneer Ltd | C54: Posts for gates | E54: 16.2 | F54: =SUM(F53+D54-E54) -> 105.8
E56: End of year sub total | F56: 105.8
A58: 1st Apr 11 | B58: Precept Budget | D58: 394.2 | F58: =SUM(D58+F56) -> 500
A59: 40710 | B59: Dengie Plant Hire | C59: Digger for ground works | E59: 65 | F59: =SUM(F58+D59-E59) -> 435
A60: 40714 | B60: D R Boutwell | C60: Reprofiling and Maintenance | E60: 235 | F60: =SUM(F59+D60-E60) -> 200
A61: 40723 | B61: Dengie Plant Hire | C61: Digger for ground works | E61: 70 | F61: =SUM(F60+D61-E61) -> 130
A62: 40723 | B62: James Cooper | C62: Fencing repair | E62: 60 | F62: =SUM(F61+D62-E62) -> 70
A63: 40725 | B63: James Cooper | C63: Reprofiling and Maintenance | E63: 30 | F63: =SUM(F62+D63-E63) -> 40
A64: 40757 | B64: James Cooper | C64: Repair vandalised fencing | E64: 150 | F64: =SUM(F63+D64-E64) -> -110
A65: 40760 | B65: James Cooper | C65: Repair vandalised fencing | E65: 60 | F65: =SUM(F64+D65-E65) -> -170
A66: 40788 | B66: James Cooper 043 | C66: Erect fence post | E66: 60 | F66: =SUM(F65+D66-E66) -> -230
A67: 40809 | B67: James Cooper 050 | C67: Prepare for litter bins and seats | E67: 60 | F67: =SUM(F66+D67-E67) -> -290
A68: 40816 | B68: James Cooper 048 | C68: Repair vandalised fencing | E68: 180 | F68: =SUM(F67+D68-E68) -> -470
A69: 40822 | B69: Cummins & Jennings | C69: Hog Rings and Welding Rods | E69: 16.2 | F69: =SUM(F68+D69-E69) -> -486.2
A70: 40828 | B70: James Cooper 052 | C70: Prepare for litter bins and seats | E70: 90 | F70: =SUM(F69+D70-E70) -> -576.2
... A72: 40850 | B72: James Cooper 059 | C72: Repair vandalised fencing | E72: 60 | F72: =SUM(F71+D72-E72) -> -816.2
E78: End of year sub total

Sheet Improved Public Safety
A1: PROJECT: Public Health & Safety
A2: Last review: 1st April 2011
A3: Date | B3: Name | C3: Description / Item | D3: Receipts | E3: Payments | F3: Balance
A5: 1st Apr 10 | B5: Precept Budget | D5: 4000 | F5: =SUM(D5) -> 4000
A6: 40308 | B6: Balfor Beatty | C6: Lamp Fittings from Co op | E6: 20 | F6: =SUM(F5+D6-E6) -> 3980
A7: 40367 | B7: Tech Electrical PLC | C7: Wiring etc for KGV Connector | E7: 341.92 | F7: =SUM(F6+D7-E7) -> 3638.08
A8: 40367 | B8: Tech Electrical PLC | C8: Wiring etc for KGV Connector | E8: 340.43 | F8: =SUM(F7+D8-E8) -> 3297.65
A9: 40367 | B9: Jewson | C9: Drain Cover for KGV Connector | E9: 24.99 | F9: =SUM(F8+D9-E9) -> 3272.66
A10: 40368 | B10: Dale Hire | C10: Hire of Trencher KGV Connector | E10: 100 | F10: =SUM(F9+D10-E10) -> 3172.66
A11: 40371 | B11: Rushtons Hardware & DIY | C11: Cement and ballast KGV Connector | E11: 37.45 | F11: =SUM(F10+D11-E11) -> 3135.21
A12: 40371 | B12: James Cooper | C12: Work Invoice KGV Connector | E12: 100 | F12: =SUM(F11+D12-E12) -> 3035.21
A13: 40371 | B13: TLC (Southern) Ltd | C13: Electrical goods KGV Connector | E13: 59 | F13: =SUM(F12+D13-E13) -> 2976.21
A14: 40375 | B14: James Cooper | C14: Work Invoice KGV Connector | E14: 120 | F14: =SUM(F13+D14-E14) -> 2856.21
A15: 40378 | B15: Dengie Plant Hire | C15: Two days Trailer Hire KGV Connector | E15: 30 | F15: =SUM(F14+D15-E15) -> 2826.21
A16: 40378 | B16: C Saward | C16: Repair to water pipe KGV Connector | E16: 10 | F16: =SUM(F15+D16-E16) -> 2816.21
A17: 40395 | B17: J Pitcher | C17: Supply Electrical ID Tape KGV Connector | E17: 7 | F17: =SUM(F16+D17-E17) -> 2809.21
A18: 40470 | B18: Chelmer Salvage | C18: Lamp Poats for carpark lighting | E18: 120 | F18: =SUM(F17+D18-E18) -> 2689.21
E20: Cost status of Electrical Connector on KGV | F20: =SUM(E7:E17) -> 1170.79
E22: Cost status of extra lighting to KGV Car Park | F22: =SUM(E6+E18) -> 140
E24: End of year sub total | F24: 2689.21
A26: 1st Apr 11 | B26: Precept Budget | D26: 910.79 | F26: =SUM(F18+D26-E26) -> 3600
A27: 40980 | B27: Essex Total Clearance | C27: Girders for gate posts on KGV | E27: 50 | F27: =SUM(F26+D27-E27) -> 3550

Sheet KGV Safety Barriers
A1: PROJECT: KGV Safety Barriers
A2: Last review: 1st April 2011
A3: Date | B3: Name | C3: Description / Item | D3: Receipts | E3: Payments | F3: Balance
A5: 1st Apr 09 | B5: Precept Budget | D5: 1000 | F5: =SUM(D5) -> 1000
E7: End of year sub total | F7: =SUM(F5) -> 1000
A9: 1st Apr 10 | B9: Precept Budget | D9: 0 | F9: =SUM(F7+D9) -> 1000
A10: 40305 | B10: Balfor Beatty | C10: Bollards etc from Co op | E10: 100 | F10: =SUM(F9+D10-E10) -> 900
A11: 40448 | B11: SM Primary School | C11: Surplus Fencing and Gates | E11: 137.5 | F11: =SUM(F10+D11-E11) -> 762.5
E13: End of year sub total | F13: 762.5
A15: 1st Apr 11 | B15: Precept Budget | D15: 0 | F15: =SUM(F13+D15) -> 762.5
E18: End of year sub total

Sheet MDC Park Rangers
A1: PROJECT: MDC Park Rangers
A2: Last review: 1st April 2011
A3: Date | B3: Name | C3: Description / Item | D3: Receipts | E3: Payments | F3: Balance
A5: 1st Apr 09 | B5: Precept Budget | D5: 1300 | F5: =SUM(D5) -> 1300
E7: End of year sub total | F7: =SUM(F5) -> 1300
A9: 1st Apr 10 | B9: Precept Budget | D9: 0 | F9: =SUM(F7+D9) -> 1300
E11: End of year sub total | F11: 1300
A13: 1st Apr 11 | B13: Precept Budget | D13: 0 | F13: =SUM(F11+D13) -> 1300

Sheet Street Lighting Imp'ments
A1: PROJECT: Street Lighting Improvements
A2: Last review: 1st April 2011
A3: Date | B3: Name | C3: Description / Item | D3: Receipts | E3: Payments | F3: Balance
A5: 1st Apr 09 | B5: Precept Budget | D5: 700 | F5: =SUM(D5) -> 700
E7: End of year sub total | F7: =SUM(F5) -> 700
A9: 1st Apr 10 | B9: Precept Budget | D9: 0 | F9: =SUM(F7+D9) -> 700
E11: End of year sub total | F11: 700
A13: 1st Apr 11 | B13: Precept Budget | D13: 0 | F13: =SUM(F11+D13) -> 700

Sheet Notice Board
A1: PROJECT: Notice Board/Village Map
A2: Last review: 1st April 2011
A3: Date | B3: Name | C3: Description / Item | D3: Receipts | E3: Payments | F3: Balance
A5: 1st Apr 08 | B5: Precept Budget | D5: 900 | F5: =SUM(D5) -> 900
E7: End of year sub total | F7: =SUM(F5) -> 900
A9: 1st Apr 09 | B9: Precept Budget | D9: 0 | F9: =SUM(D9+F7) -> 900
E11: End of year sub total | F11: =SUM(F9) -> 900
A13: 1st Apr 10 | B13: Precept Budget | D13: 0 | F13: =SUM(D13+F11) -> 900
A14: 40371 | B14: Maldon District Council | C14: Planning application fee | E14: 47.5 | F14: =SUM(F13+D14-E14) -> 852.5
A15: 40371 | B15: Streetwise Maps | C15: Maps for notice board P App | E15: 11 | F15: =SUM(F14+D15-E15) -> 841.5
A16: 40394 | B16: Maldon District Council | C16: Planning application fee | E16: 37.5 | F16: =SUM(F15+D16-E16) -> 804
A17: 40408 | B17: Maldon District Council | C17: Planning application fee | E17: 85 | F17: =SUM(F16+D17-E17) -> 719
A18: 40525 | B18: Greenbarnes Ltd | C18: Notice Board | E18: 3251.49 | F18: =SUM(F17+D18-E18) -> -2532.49
A19: 40536 | B19: ECC | C19: CIF Grant | D19: 3251.49 | F19: =SUM(F18+D19-E19) -> 719
E21: End of year sub total | F21: 719
A23: 1st Apr 11 | B23: Precept Budget | D23: 200 | F23: =SUM(F19+D23-E23) -> 919
